Map: World of Sleepers LE

Players

Cyan

  • Race: Protoss Protoss
  • Spawn Location: 1:00

Harstem - Winner!

  • Race: Protoss Protoss
  • Spawn Location: 7:00

VOD

Have the link to the VOD?

Description

Time

  • Played on: Sept. 7, 2019, 11:17 a.m.
  • Length: 11:08
Show
View Real Time Build Order
Export as new Build Order

Cyan Protoss 

Build Orders:  

Get SALT Encoding   

  12  0:00  Probe  
  13  0:12  Probe  
  14  0:17  Pylon  
  14  0:24  Probe  
  15  0:32  Probe  
  15  0:37  Gateway  
  15  0:40  Probe  
  16  0:45  Assimilator  
  17  0:51  Probe  
  17  0:54  Assimilator  
  18  1:00  Probe  
  19  1:07  Gateway  
  19  1:08  Probe  
  19  1:17  Probe  
  20  1:24  Cybernetics Core  
  21  1:29  Probe  
  22  1:35  Pylon  
  22  1:41  Probe  
  23  1:50  Warp Gate  
  23  1:53  Probe  
  24  2:00  Stalker x2  
  28  2:07  Pylon  
  28  2:15  Probe  
  29  2:30  Stalker x2  
  33  2:40  Robotics Facility  
  33  2:45  Gateway  
  33  2:56  Shield Battery  
  32  3:02  Stalker  
  34  3:06  Stalker  
  36  3:16  Pylon  
  36  3:18  Warp Prism  
  38  3:41  Stalker  
  38  3:45  Stalker  
  40  3:58  Observer  
  40  3:59  Stalker  
  40  4:02  Pylon  
  43  4:09  Stalker  
  45  4:17  Stalker  
  47  4:42  Adept x3  
  47  4:45  Pylon  
  53  4:55  Robotics Bay  
  47  5:10  Adept x3  
  53  5:34  Pylon  
  53  5:35  Disruptor  
  53  5:45  Gravitic Drive  
  56  5:51  Adept x2  
  56  5:52  Adept  
  62  5:58  Pylon  
  62  6:13  Disruptor  
  62  6:18  Pylon  
  65  6:31  Adept x2  
  69  6:36  Adept  
  71  6:52  Adept  
  71  6:53  Adept  
  75  7:03  Adept  
  76  7:21  Adept x2  
  80  7:24  Pylon, Adept  
  72  7:45  Adept x3  
  60  8:05  Adept  
  60  8:06  Adept x2  
  60  8:14  Disruptor  
  50  8:36  Adept  
  50  8:37  Adept x2  
  50  8:38  Disruptor  
  53  9:02  Adept x2  
  57  9:09  Sentry  
  59  9:25  Adept  
  59  9:27  Adept  
  63  9:40  Adept  
  65  9:50  Adept  
  67  9:57  Sentry  
  67  10:12  Adept  
  69  10:17  Adept  
  71  10:23  Sentry  
  60  10:42  Adept x2  
  57  10:49  Adept  
Show
View Real Time Build Order
Export as new Build Order

Harstem Protoss - Winner!

Build Orders:  

Get SALT Encoding   

  12  0:00  Probe  
  13  0:12  Probe  
  14  0:18  Pylon  
  14  0:24  Probe  
  15  0:33  Probe  
  15  0:39  Gateway  
  15  0:41  Probe  
  17  0:51  Probe  
  17  0:54  Assimilator  
  18  0:58  Assimilator  
  18  0:59  Probe  
  19  1:07  Gateway, Probe  
  19  1:17  Probe  
  21  1:27  Cybernetics Core  
  21  1:29  Probe  
  22  1:33  Pylon  
  22  1:41  Probe  
  23  1:53  Warp Gate  
  23  1:54  Probe  
  24  1:56  Pylon  
  24  2:04  Adept  
  24  2:08  Adept  
  28  2:10  Probe  
  29  2:35  Sentry  
  30  2:38  Stalker  
  32  2:44  Probe  
  33  2:51  Nexus  
  33  2:55  Pylon  
  33  3:01  Stalker  
  35  3:08  Sentry  
  38  3:16  Robotics Facility  
  37  3:25  Probe  
  38  3:27  Shield Battery  
  38  3:32  Shield Battery  
  38  3:42  Stalker  
  38  3:43  Stalker  
  42  3:50  Immortal  
  38  4:00  Shield Battery  
  38  4:08  Zealot, Sentry  
  46  4:20  Shield Battery  
  48  4:25  Immortal  
  48  4:35  Zealot  
  48  4:43  Shield Battery  
  49  4:50  Shield Battery  
  49  4:52  Sentry  
  50  4:56  Probe  
  49  5:01  Zealot  
  49  5:04  Observer  
  49  5:06  Probe  
  47  5:08  Probe  
  49  5:18  Shield Battery, Probe  
  49  5:20  Probe  
  51  5:22  Sentry  
  53  5:30  Stalker  
  53  5:31  Probe  
  56  5:41  Probe  
  57  5:45  Pylon  
  57  5:48  Adept  
  58  5:54  Probe  
  59  5:57  Observer  
  59  5:59  Probe  
  61  6:06  Shield Battery, Probe  
  61  6:07  Warp Prism  
  61  6:08  Stalker  
  64  6:17  Pylon  
  67  6:24  Stalker  
  69  6:29  Shield Battery  
  68  6:33  Sentry  
  70  6:44  Immortal, Gateway  
  70  6:55  Zealot  
  70  6:56  Probe  
  70  6:58  Pylon  
  77  7:02  Shield Battery  
  77  7:13  Immortal  
  77  7:18  Stalker x2  
  81  7:25  Pylon  
  83  7:44  Stalker x3  
  65  7:58  Probe  
  60  8:07  Zealot x3  
  52  8:28  Adept x3  
  54  8:36  Immortal  
  54  8:37  Probe x2  
  58  8:56  Adept x3  
  64  9:03  Shield Battery  
  64  9:13  Stargate  
  64  9:21  Probe  
  64  9:24  Probe  
  66  9:27  Adept x3  
  72  9:46  Shield Battery  
  72  9:54  Stalker x3  
  72  9:58  Phoenix  
  72  10:18  Zealot  
  72  10:19  Zealot x2  
  72  10:21  Gateway, Phoenix  
  78  10:22  Shield Battery  
  74  10:39  Probe  
  74  10:42  Adept x3  
  69  10:56  Probe  
  67  11:03  Zealot x3  
Tags
 
Add a new tag
Caveats
  • Supply blocks, unpowered buildings, or Contaminate may cause inaccurate times.
  • Supply counts are checked every 10 seconds.